Bears vs Thunderbirds
Created - May 14, 2024 at 22:58
Goals
|
| Bears |
3 |
0 |
1 |
4 |
| Thunderbirds |
1 |
0 |
1 |
2 |
|
Shots
|
| Bears |
15 |
11 |
11 |
37 |
| Thunderbirds |
15 |
11 |
8 |
34 |
|
1st period
1. Bears , Cole Smith 1 (Tommy Vannelli 1, Jake Allen) at 2:24
2. Bears , Christian Dvorak 1 (Mikko Vainonen 1, Gianluca Curcuruto 1) at 4:45 (PP)
3. Bears , Christian Dvorak 2 (Mikko Vainonen 2, Kerby Rychel 1) at 13:05 (PP)
4. Thunderbirds , Anthony Richard 1 (Matt Roy 1, Jordan Kyrou 1) at 14:58
Penalties :
Dylan Sikura (Spr) for Slashing (Minor) at 4:37, Kerby Rychel (Her) for Interference (Minor) at 7:38, Dylan Blujus (Spr) for Roughing (Minor) at 12:59
2nd period
No Goal
Penalties :
Dominik Simon (Spr) for Roughing (Minor) at 7:01, Artturi Lehkonen (Spr) for High sticking (Minor) at 15:35
3rd period
5. Bears , Kerby Rychel 1 (Jacob Bryson 1) at 3:43
6. Thunderbirds , Dominik Simon 1 (Artturi Lehkonen 1, Dylan Sikura 1) at 10:12 (SH)
Penalties :
Ethan Bear (Spr) for Hooking (Minor) at 9:05, Dylan Blujus (Spr) for Holding Stick (Minor) at 14:54
Goalie Stats
Jake Allen (Her), 32 saves from 34 shots - (0.941), W, 1-0-0, 60:00 minutes
Jake Oettinger (Spr), 33 saves from 37 shots - (0.892), L, 0-1-0, 60:00 minutes
Players Stats for Bears
Player Name G A P +/- PIM S H SB GA TA FO MP PP MP PK MP
------------------------------------------------------------------------------------
A.J. Jenks 0 0 0 -1 0 5 3 0 1 0 0/0 19:31 3:08 1:13
Adam Lowry 0 0 0 1 0 1 1 0 0 0 3/5 9:54 0:22 0:06
Austin Wuthrich 0 0 0 0 0 3 2 0 1 0 0/0 10:51 0:19 0:00
Christian Dvorak 2 0 2 0 0 4 1 0 2 1 13/34 22:07 4:40 1:13
Cole Smith 1 0 1 0 0 1 0 0 0 0 0/0 9:40 0:00 0:00
Gianluca Curcuruto 0 1 1 0 0 3 2 3 0 1 0/0 29:12 4:55 1:13
Jacob Bryson 0 1 1 -1 0 2 0 2 0 1 0/0 13:14 3:15 0:00
Jesper Pettersson 0 0 0 0 0 1 0 0 0 0 0/0 9:52 0:00 0:00
Joshua Leivo 0 0 0 -1 0 2 1 2 0 0 1/2 17:45 3:11 0:00
Kerby Rychel 1 1 2 0 2 4 1 1 1 1 0/0 20:55 4:40 0:00
Mikko Vainonen 0 2 2 0 0 3 1 2 0 1 0/0 28:50 4:55 1:13
Nicholas Caamano 0 0 0 1 0 1 0 1 0 0 1/1 8:42 0:00 0:00
Nicolas Aube-Kubel 0 0 0 0 0 0 3 0 1 1 2/5 21:26 4:40 0:40
Nikolay Prokhorkin 0 0 0 1 0 2 0 2 0 0 0/0 9:10 0:22 0:06
Ryan Graves 0 0 0 1 0 0 1 0 0 1 0/0 17:56 0:00 0:46
Sam Carrick 0 0 0 -1 0 2 4 0 0 0 8/17 18:19 3:08 0:40
Tommy Vannelli 0 1 1 0 0 0 0 1 0 1 0/0 20:56 3:15 0:46
Vincent Dunn 0 0 0 0 0 3 1 0 0 0 0/3 9:40 0:00 0:00
Players Stats for Thunderbirds
Player Name G A P +/- PIM S H SB GA TA FO MP PP MP PK MP
------------------------------------------------------------------------------------
Anthony Richard 1 0 1 1 0 2 2 0 1 0 10/15 16:12 0:49 0:22
Artturi Lehkonen 0 1 1 1 2 1 2 0 0 0 0/0 11:36 0:00 0:49
Dominik Simon 1 0 1 0 2 9 0 0 1 0 1/2 20:30 1:10 0:55
Dylan Blujus 0 0 0 0 4 0 0 1 3 0 0/0 19:47 0:00 2:36
Dylan Sikura 0 1 1 0 2 0 1 2 0 0 0/0 13:00 0:00 2:05
Emil Bemstrom 0 0 0 -1 0 0 0 0 0 0 0/0 6:12 0:00 0:00
Ethan Bear 0 0 0 0 2 5 1 0 0 0 0/0 26:33 1:17 3:44
Frederic Allard 0 0 0 0 0 0 1 2 0 0 0/0 14:53 0:00 1:38
Henri Jokiharju 0 0 0 -1 0 0 2 3 1 1 0/0 21:15 0:42 4:51
Jeremy Lauzon 0 0 0 1 0 2 0 0 0 1 0/0 23:21 1:17 3:19
Joachim Blichfeld 0 0 0 -1 0 5 2 0 0 1 0/1 18:52 0:49 0:00
Jordan Kyrou 0 1 1 1 0 3 2 0 0 1 0/0 15:58 1:10 0:00
Matt Roy 0 1 1 0 0 1 1 1 0 0 0/0 14:15 0:42 0:12
Paul Cotter 0 0 0 -1 0 0 1 0 0 0 0/0 6:31 0:00 0:19
Pierre Engvall 0 0 0 1 0 1 1 2 0 0 0/0 19:51 0:49 4:45
Rourke Chartier 0 0 0 -1 0 4 1 0 1 0 18/31 19:18 1:10 0:00
Trent Frederic 0 0 0 -1 0 1 1 0 0 2 7/12 11:12 0:00 5:00
Zach Stepan 0 0 0 0 0 0 1 0 1 0 3/6 12:28 0:00 2:05
3 Stars
1 - Christian Dvorak (Her)
2 - Jake Allen (Her)
3 - Kerby Rychel (Her)
Power Play
Bears - 2 on 6 Attempt(s) - 33.33%
Thunderbirds - 0 on 1 Attempt(s) - 0.00%
Penalty Kill
Bears - 1 on 1 Attempt(s) - 100.00%
- Score 0 goal in Penalty Kill
Thunderbirds - 4 on 6 Attempt(s) - 66.67%
- Score 1 goal in Penalty Kill
Team Stat
Bears - Hits : 21 - Faceoff Wins : 28 - Blocked Shots : 14 - Penalty Minutes : 2
Thunderbirds - Hits : 19 - Faceoff Wins : 39 - Blocked Shots : 11 - Penalty Minutes : 12
Official
Referees : Conor O'Donnell and Dean Morton
Linesman : Greg Devorski and Devin Berg
Game Notes
No Game Note
Finance
Level 1 -- Attendance: 2000 (100.00%) -- Ticket Income $140,000
Level 2 -- Attendance: 1000 (100.00%) -- Ticket Income $40,000
Total Attendance: 3000 (100.00%)
Total Ticket Income: $180,000
Other Income: $9,000
Total Income: $189,000
Bears
5 vs 5 Forward
Center Left Wing Right Wing Time % Phy DF OF
1 Christian Dvorak Kerby Rychel Nicolas Aube-Kubel 40 0 1 4
2 Sam Carrick A.J. Jenks Joshua Leivo 30 0 1 4
3 Vincent Dunn Cole Smith Austin Wuthrich 20 0 2 3
4 Adam Lowry Nikolay Prokhorkin Nicholas Caamano 10 0 2 3
5 vs 5 Defense
Defense Defense Time % Phy DF OF
1 Mikko Vainonen Gianluca Curcuruto 40 0 3 2
2 Ryan Graves Tommy Vannelli 35 0 4 1
3 Jacob Bryson Jesper Pettersson 15 0 1 4
4 Mikko Vainonen Gianluca Curcuruto 10 0 4 1
PowerPlay Forward
Center Left Wing Right Wing Time % Phy DF OF
1 Christian Dvorak Kerby Rychel Nicolas Aube-Kubel 60 0 1 4
2 Sam Carrick A.J. Jenks Joshua Leivo 40 0 1 4
PowerPlay Defense
Defense Defense Time % Phy DF OF
1 Mikko Vainonen Gianluca Curcuruto 60 0 2 3
2 Jacob Bryson Tommy Vannelli 40 0 2 3
Penalty Kill 4 Players Forward
Center Wing Time % Phy DF OF
1 Christian Dvorak A.J. Jenks 60 0 3 2
2 Sam Carrick Nicolas Aube-Kubel 40 0 3 2
Penalty Kill 4 Players Defense
Defense Defense Time % Phy DF OF
1 Mikko Vainonen Gianluca Curcuruto 60 0 4 1
2 Ryan Graves Tommy Vannelli 40 0 4 1
Penalty Kill - 3 Players Forward
Forward Time % Phy DF OF
1 Christian Dvorak 60 0 4 1
2 Sam Carrick 40 0 4 1
Penalty Kill - 3 Players Defense
Defense Defense Time % Phy DF OF
1 Mikko Vainonen Gianluca Curcuruto 60 0 5 0
2 Ryan Graves Tommy Vannelli 40 0 5 0
4 vs 4 Forward
Center Wing Time % Phy DF OF
1 Christian Dvorak Nicolas Aube-Kubel 60 0 1 4
2 Sam Carrick Kerby Rychel 40 0 1 4
4 vs 4 Defense
Defense Defense Time % Phy DF OF
1 Mikko Vainonen Gianluca Curcuruto 60 0 2 3
2 Ryan Graves Tommy Vannelli 40 0 2 3
Last Minutes Offensive
Center Left Wing Right Wing Defense Defense
Christian Dvorak Kerby Rychel Nicolas Aube-Kubel Mikko Vainonen Gianluca Curcuruto
Last Minutes Defensive
Center Left Wing Right Wing Defense Defense
Christian Dvorak Kerby Rychel Nicolas Aube-Kubel Mikko Vainonen Gianluca Curcuruto
Goaltenders
Starting : Jake Allen
Backup : Artyom Zagidulin
Extra Forwards
Normal : Kerby Rychel, Nicolas Aube-Kubel, Christian Dvorak - PP : Kerby Rychel, Nicolas Aube-Kubel - PK : Kerby Rychel
Extra Defensemen
Normal : Mikko Vainonen, Gianluca Curcuruto, Tommy Vannelli - PP : Mikko Vainonen - PK : Mikko Vainonen, Gianluca Curcuruto
Penalty Shots
Kerby Rychel, Nicolas Aube-Kubel, Christian Dvorak, Joshua Leivo, A.J. Jenks
Custom OT Lines Forwards
Kerby Rychel, Nicolas Aube-Kubel, Christian Dvorak, Joshua Leivo, A.J. Jenks, Ryan Graves, Austin Wuthrich, Nikolay Prokhorkin, Vincent Dunn, Adam Lowry
Custom OT Lines Defensemen
Mikko Vainonen, Gianluca Curcuruto, Tommy Vannelli, Ryan Graves, Jacob Bryson
Scratches
Blake Speers (Healthy), Colby Cave (Healthy), Emil Johansson (Healthy), David Farrance (Healthy), Mackenze Stewart (Healthy)
Zack Hayes (Healthy), Mario Ferraro (Healthy), Michael Prapavessis (Healthy), Will Reilly (Healthy), Kristians Rubins (Healthy)
Isaac Ratcliffe (Healthy), Jakob Stenqvist (Healthy), Arvid Henrikson (Healthy), Kirill Maksimov (Healthy)
Thunderbirds
5 vs 5 Forward
Center Left Wing Right Wing Time % Phy DF OF
1 Rourke Chartier Dominik Simon Joachim Blichfeld 40 1 2 2
2 Anthony Richard Pierre Engvall Jordan Kyrou 30 1 2 2
3 Zach Stepan Artturi Lehkonen Dylan Sikura 20 1 2 2
4 Trent Frederic Paul Cotter Emil Bemstrom 10 1 2 2
5 vs 5 Defense
Defense Defense Time % Phy DF OF
1 Jeremy Lauzon Ethan Bear 40 1 2 2
2 Dylan Blujus Henri Jokiharju 30 1 2 2
3 Frederic Allard Matt Roy 20 1 2 2
4 Ethan Bear Dylan Blujus 10 1 2 2
PowerPlay Forward
Center Left Wing Right Wing Time % Phy DF OF
1 Rourke Chartier Dominik Simon Jordan Kyrou 60 1 2 2
2 Anthony Richard Pierre Engvall Joachim Blichfeld 40 1 2 2
PowerPlay Defense
Defense Defense Time % Phy DF OF
1 Ethan Bear Jeremy Lauzon 60 1 2 2
2 Henri Jokiharju Matt Roy 40 1 2 2
Penalty Kill 4 Players Forward
Center Wing Time % Phy DF OF
1 Trent Frederic Pierre Engvall 60 1 2 2
2 Zach Stepan Dylan Sikura 40 1 2 2
Penalty Kill 4 Players Defense
Defense Defense Time % Phy DF OF
1 Ethan Bear Henri Jokiharju 60 1 2 2
2 Dylan Blujus Jeremy Lauzon 40 1 2 2
Penalty Kill - 3 Players Forward
Forward Time % Phy DF OF
1 Trent Frederic 60 1 2 2
2 Pierre Engvall 40 1 2 2
Penalty Kill - 3 Players Defense
Defense Defense Time % Phy DF OF
1 Henri Jokiharju Dylan Blujus 60 1 2 2
2 Jeremy Lauzon Ethan Bear 40 1 2 2
4 vs 4 Forward
Center Wing Time % Phy DF OF
1 Rourke Chartier Dominik Simon 60 1 2 2
2 Zach Stepan Pierre Engvall 40 1 2 2
4 vs 4 Defense
Defense Defense Time % Phy DF OF
1 Ethan Bear Matt Roy 60 1 2 2
2 Dylan Blujus Jeremy Lauzon 40 1 2 2
Last Minutes Offensive
Center Left Wing Right Wing Defense Defense
Rourke Chartier Dominik Simon Joachim Blichfeld Jeremy Lauzon Ethan Bear
Last Minutes Defensive
Center Left Wing Right Wing Defense Defense
Trent Frederic Pierre Engvall Dylan Sikura Ethan Bear Henri Jokiharju
Goaltenders
Starting : Jake Oettinger
Backup : Magnus Hellberg
Extra Forwards
Normal : Dominik Simon, Dylan Sikura, Zach Stepan - PP : Trent Frederic, Jordan Kyrou - PK : Artturi Lehkonen
Extra Defensemen
Normal : Dylan Blujus, Ethan Bear, Henri Jokiharju - PP : Matt Roy - PK : Frederic Allard, Ethan Bear
Penalty Shots
Jordan Kyrou, Rourke Chartier, Anthony Richard, Joachim Blichfeld, Dylan Sikura
Custom OT Lines Forwards
Dominik Simon, Pierre Engvall, Rourke Chartier, Jordan Kyrou, Dylan Sikura, Anthony Richard, Joachim Blichfeld, Zach Stepan, Artturi Lehkonen, Paul Cotter
Custom OT Lines Defensemen
Ethan Bear, Dylan Blujus, Jeremy Lauzon, Matt Roy, Henri Jokiharju
Scratches
Rasmus Kupari (Healthy), Nathan Smith (Healthy), Calen Addison (Healthy), Sami Niku (Healthy), Grigori Denisenko (Healthy)
Trey Fix-Wolansky (Healthy), Emil Larmi (Healthy)
% Time on Ice - Bears
Lines # - Real PCT - Wanted PCT - Time Play
Normal Forward
1 - 32% - 40% - 16:12
2 - 31% - 30% - 15:17
3 - 19% - 20% - 9:40
4 - 17% - 10% - 8:42
Normal Defense
1 - 39% - 40% - 19:33
2 - 35% - 35% - 17:17
3 - 20% - 15% - 9:52
4 - 6% - 10% - 3:09
PP Forward
1 - 61% - 60% - 4:59
2 - 39% - 40% - 3:11
PP Defense
1 - 60% - 60% - 4:55
2 - 40% - 40% - 3:15
PK Forward
1 - 66% - 60% - 1:19
2 - 34% - 40% - 0:40
PK Defense
1 - 61% - 60% - 1:13
2 - 39% - 40% - 0:46
PK3 Forward
1 - 0% - 60%
2 - 0% - 40%
PK3 Defense
1 - 0% - 60%
2 - 0% - 40%
44 Forward
1 - 0% - 60%
2 - 0% - 40%
44 Defense
1 - 0% - 60%
2 - 0% - 40%
Last Minute Offensive - 0:00
Last Minute Defensive - 0:00
Total
Forward - 60:00
Defense - 60:00
|
% Time on Ice - Thunderbirds
Lines # - Real PCT - Wanted PCT - Time Play
Normal Forward
1 - 37% - 40% - 18:33
2 - 30% - 30% - 14:43
3 - 21% - 20% - 10:23
4 - 12% - 10% - 6:12
Normal Defense
1 - 36% - 40% - 18:08
2 - 33% - 30% - 16:19
3 - 26% - 20% - 12:49
4 - 5% - 10% - 2:35
PP Forward
1 - 59% - 60% - 1:10
2 - 41% - 40% - 0:49
PP Defense
1 - 65% - 60% - 1:17
2 - 35% - 40% - 0:42
PK Forward
1 - 74% - 60% - 6:05
2 - 26% - 40% - 2:05
PK Defense
1 - 59% - 60% - 4:51
2 - 41% - 40% - 3:19
PK3 Forward
1 - 0% - 60%
2 - 0% - 40%
PK3 Defense
1 - 0% - 60%
2 - 0% - 40%
44 Forward
1 - 0% - 60%
2 - 0% - 40%
44 Defense
1 - 0% - 60%
2 - 0% - 40%
Last Minute Offensive - 0:00
Last Minute Defensive - 0:00
Total
Forward - 60:00
Defense - 60:00
|
Play-by-Play
1st period
0:01 of 1st period - Rourke Chartier wins face-off versus Christian Dvorak in neutral zone.
0:04 of 1st period - Wrist shot by Dominik Simon.
0:04 of 1st period - Stopped by Jake Allen without a rebound.
0:05 of 1st period - Rourke Chartier wins face-off versus Christian Dvorak in Bears zone.
0:06 of 1st period - Snap shot by Dominik Simon.
0:06 of 1st period - Stopped by Jake Allen with a rebound.
0:08 of 1st period - Wrist shot by Joachim Blichfeld.
0:08 of 1st period - Stopped by Jake Allen without a rebound.
0:09 of 1st period - Christian Dvorak wins face-off versus Dominik Simon in Bears zone.
0:22 of 1st period - Wrist shot by Kerby Rychel.
0:22 of 1st period - Shot Misses the Net.
0:36 of 1st period - Snap shot by Joachim Blichfeld.
0:36 of 1st period - Stopped by Jake Allen with a rebound.
0:38 of 1st period - Slapshot by Jeremy Lauzon.
0:38 of 1st period - Stopped by Jake Allen with a rebound.
0:40 of 1st period - Slapshot by Joachim Blichfeld.
0:40 of 1st period - Shot Blocked by Kerby Rychel.
0:42 of 1st period - Slapshot by Jeremy Lauzon.
0:42 of 1st period - Stopped by Jake Allen with a rebound.
0:44 of 1st period - Wrist shot by Rourke Chartier.
0:44 of 1st period - Shot Misses the Net.
1:32 of 1st period - Snap shot by Rourke Chartier.
1:32 of 1st period - Stopped by Jake Allen without a rebound.
1:33 of 1st period - Anthony Richard wins face-off versus Sam Carrick in Bears zone.
1:40 of 1st period - Snap shot by Anthony Richard.
1:40 of 1st period - Shot Misses the Net.
2:08 of 1st period - Wrist shot by Austin Wuthrich.
2:08 of 1st period - Shot Blocked by Dylan Sikura.
2:24 of 1st period - Slapshot by Cole Smith.
2:24 of 1st period - Goal by Cole Smith - Bears : 1 - Thunderbirds : 0.
2:25 of 1st period - Sam Carrick wins face-off versus Anthony Richard in neutral zone.
2:32 of 1st period - Snap shot by Sam Carrick.
2:32 of 1st period - Shot Misses the Net.
2:34 of 1st period - Slapshot by Jacob Bryson.
2:34 of 1st period - Shot Blocked by Frederic Allard.
2:36 of 1st period - Wrist shot by A.J. Jenks.
2:36 of 1st period - Stopped by Jake Oettinger without a rebound.
2:37 of 1st period - Sam Carrick wins face-off versus Anthony Richard in Thunderbirds zone.
3:04 of 1st period - Artturi Lehkonen is hit by Mikko Vainonen and loses puck.
3:27 of 1st period - Wrist shot by Trent Frederic.
3:27 of 1st period - Shot Misses the Net.
3:29 of 1st period - Slapshot by Trent Frederic.
3:29 of 1st period - Stopped by Jake Allen without a rebound.
3:30 of 1st period - Joshua Leivo wins face-off versus Trent Frederic in Bears zone.
3:43 of 1st period - Snap shot by Joshua Leivo.
3:43 of 1st period - Shot Blocked by Henri Jokiharju.
3:49 of 1st period - Ryan Graves is hit by Paul Cotter and loses puck.
4:37 of 1st period - Minor Penalty to Dylan Sikura for Slashing.
4:38 of 1st period - Christian Dvorak wins face-off versus Trent Frederic in Thunderbirds zone.
4:39 of 1st period - Wrist shot by Kerby Rychel.
4:39 of 1st period - Stopped by Jake Oettinger with a rebound.
4:41 of 1st period - Slapshot by Gianluca Curcuruto.
4:41 of 1st period - Stopped by Jake Oettinger with a rebound.
4:43 of 1st period - Slapshot by Mikko Vainonen.
4:43 of 1st period - Stopped by Jake Oettinger with a rebound.
4:45 of 1st period - Snap shot by Christian Dvorak.
4:45 of 1st period - Goal by Christian Dvorak - Bears : 2 - Thunderbirds : 0.
4:46 of 1st period - Adam Lowry wins face-off versus Rourke Chartier in neutral zone.
5:33 of 1st period - Slapshot by Dominik Simon.
5:33 of 1st period - Stopped by Jake Allen with a rebound.
5:35 of 1st period - Slapshot by Ethan Bear.
5:35 of 1st period - Shot Blocked by Nikolay Prokhorkin.
5:37 of 1st period - Wrist shot by Dominik Simon.
5:37 of 1st period - Shot Blocked by Gianluca Curcuruto.
5:39 of 1st period - Slapshot by Dominik Simon.
5:39 of 1st period - Deflect By Gianluca Curcuruto.
5:39 of 1st period - Shot Misses the Net.
5:39 of 1st period - Puck is out of play.
5:40 of 1st period - Anthony Richard wins face-off versus Christian Dvorak in Bears zone.
6:14 of 1st period - Backhand shot by A.J. Jenks.
6:14 of 1st period - Stopped by Jake Oettinger with a rebound.
6:30 of 1st period - Snap shot by Cole Smith.
6:30 of 1st period - Shot Misses the Net.
6:32 of 1st period - Slapshot by Austin Wuthrich.
6:32 of 1st period - Shot Misses the Net.
6:34 of 1st period - Slapshot by Jesper Pettersson.
6:34 of 1st period - Stopped by Jake Oettinger without a rebound.
6:35 of 1st period - Anthony Richard wins face-off versus Vincent Dunn in Thunderbirds zone.
6:35 of 1st period - Anthony Richard is hit by Austin Wuthrich.
7:09 of 1st period - Slapshot by Kerby Rychel.
7:09 of 1st period - Shot Misses the Net.
7:11 of 1st period - Backhand shot by Christian Dvorak.
7:11 of 1st period - Stopped by Jake Oettinger without a rebound.
7:12 of 1st period - Sam Carrick wins face-off versus Zach Stepan in Thunderbirds zone.
7:19 of 1st period - Snap shot by Sam Carrick.
7:19 of 1st period - Stopped by Jake Oettinger with a rebound.
7:21 of 1st period - Wrist shot by Sam Carrick.
7:21 of 1st period - Shot Blocked by Henri Jokiharju.
7:38 of 1st period - Minor Penalty to Kerby Rychel for Interference.
7:39 of 1st period - Rourke Chartier wins face-off versus Christian Dvorak in Bears zone.
8:15 of 1st period - Snap shot by Joachim Blichfeld.
8:15 of 1st period - Stopped by Jake Allen without a rebound.
8:16 of 1st period - Rourke Chartier wins face-off versus Sam Carrick in Bears zone.
8:32 of 1st period - Wrist shot by Jordan Kyrou.
8:32 of 1st period - Deflect By Dominik Simon.
8:32 of 1st period - Stopped by Jake Allen without a rebound.
8:33 of 1st period - Christian Dvorak wins face-off versus Anthony Richard in Bears zone.
8:33 of 1st period - Christian Dvorak is hit by Pierre Engvall.
9:38 of 1st period - Penalty to Kerby Rychel is over, Kerby Rychel is back on ice.
10:13 of 1st period - Wrist shot by Emil Bemstrom.
10:13 of 1st period - Shot Misses the Net.
10:15 of 1st period - Slapshot by Matt Roy.
10:15 of 1st period - Shot Blocked by Nikolay Prokhorkin.
11:07 of 1st period - Cole Smith is hit by Zach Stepan and loses puck.
12:30 of 1st period - Wrist shot by Austin Wuthrich.
12:30 of 1st period - Deflect By Cole Smith.
12:30 of 1st period - Shot Blocked by Matt Roy.
12:30 of 1st period - Puck is out of play.
12:31 of 1st period - Rourke Chartier wins face-off versus Christian Dvorak in Thunderbirds zone.
12:42 of 1st period - Snap shot by Kerby Rychel.
12:42 of 1st period - Shot Blocked by Dylan Blujus.
12:59 of 1st period - Minor Penalty to Dylan Blujus for Roughing.
13:00 of 1st period - Christian Dvorak wins face-off versus Trent Frederic in Thunderbirds zone.
13:01 of 1st period - Wrist shot by Kerby Rychel.
13:01 of 1st period - Shot Misses the Net.
13:03 of 1st period - Slapshot by Mikko Vainonen.
13:03 of 1st period - Shot Blocked by Henri Jokiharju.
13:05 of 1st period - Wrist shot by Christian Dvorak.
13:05 of 1st period - Goal by Christian Dvorak - Bears : 3 - Thunderbirds : 0.
13:06 of 1st period - Rourke Chartier wins face-off versus Nicolas Aube-Kubel in neutral zone.
13:17 of 1st period - Slapshot by Dominik Simon.
13:17 of 1st period - Stopped by Jake Allen with a rebound.
14:21 of 1st period - Snap shot by Christian Dvorak.
14:21 of 1st period - Stopped by Jake Oettinger with a rebound.
14:31 of 1st period - Nicholas Caamano is hit by Joachim Blichfeld and loses puck.
14:50 of 1st period - Sam Carrick is hit by Frederic Allard.
14:54 of 1st period - Backhand shot by Jordan Kyrou.
14:54 of 1st period - Shot Misses the Net.
14:56 of 1st period - Snap shot by Matt Roy.
14:56 of 1st period - Deflect By Sam Carrick.
14:56 of 1st period - Stopped by Jake Allen with a rebound.
14:58 of 1st period - Wrist shot by Anthony Richard.
14:58 of 1st period - Goal by Anthony Richard - Bears : 3 - Thunderbirds : 1.
14:59 of 1st period - Rourke Chartier wins face-off versus Nicolas Aube-Kubel in neutral zone.
15:26 of 1st period - Ethan Bear is hit by Sam Carrick and loses puck.
16:03 of 1st period - Off-side.
16:04 of 1st period - Nicolas Aube-Kubel wins face-off versus Rourke Chartier in neutral zone.
16:07 of 1st period - Dominik Simon is hit by Gianluca Curcuruto and loses puck.
16:14 of 1st period - Snap shot by Kerby Rychel.
16:14 of 1st period - Shot Hit the Post.
16:16 of 1st period - Snap shot by Kerby Rychel.
16:16 of 1st period - Shot Misses the Net.
16:18 of 1st period - Slapshot by Gianluca Curcuruto.
16:18 of 1st period - Stopped by Jake Oettinger without a rebound.
16:19 of 1st period - Dominik Simon wins face-off versus Sam Carrick in Thunderbirds zone.
16:24 of 1st period - Wrist shot by Joachim Blichfeld.
16:24 of 1st period - Shot Blocked by Joshua Leivo.
17:06 of 1st period - Icing by Adam Lowry.
17:07 of 1st period - Anthony Richard wins face-off versus Adam Lowry in Bears zone.
17:08 of 1st period - Snap shot by Jordan Kyrou.
17:08 of 1st period - Shot Misses the Net.
17:10 of 1st period - Slapshot by Henri Jokiharju.
17:10 of 1st period - Shot Misses the Net.
17:20 of 1st period - Wrist shot by Jordan Kyrou.
17:20 of 1st period - Shot Blocked by Nicholas Caamano.
17:22 of 1st period - Wrist shot by Jordan Kyrou.
17:22 of 1st period - Shot Misses the Net.
17:24 of 1st period - Slapshot by Pierre Engvall.
17:24 of 1st period - Stopped by Jake Allen with a rebound.
17:32 of 1st period - Gianluca Curcuruto is hit by Jordan Kyrou and loses puck.
17:39 of 1st period - Wrist shot by Jordan Kyrou.
17:39 of 1st period - Shot Blocked by Gianluca Curcuruto.
17:41 of 1st period - Snap shot by Pierre Engvall.
17:41 of 1st period - Shot Misses the Net.
18:05 of 1st period - Slapshot by Gianluca Curcuruto.
18:05 of 1st period - Stopped by Jake Oettinger with a rebound.
18:25 of 1st period - Slapshot by Mikko Vainonen.
18:25 of 1st period - Deflect By Dylan Blujus.
18:25 of 1st period - Stopped by Jake Oettinger without a rebound.
18:26 of 1st period - Nicolas Aube-Kubel wins face-off versus Rourke Chartier in Thunderbirds zone.
18:49 of 1st period - Ethan Bear is hit by Ryan Graves and loses puck.
19:45 of 1st period - Wrist shot by Joachim Blichfeld.
19:45 of 1st period - Deflect By Rourke Chartier.
19:45 of 1st period - Shot Misses the Net.
19:45 of 1st period - Puck is out of play.
19:46 of 1st period - Zach Stepan wins face-off versus Sam Carrick in Bears zone.
Goals for this period are 3 for Bears vs 1 for Thunderbirds.
Shots for this period are 15 for Bears vs 15 for Thunderbirds.
2nd period
0:01 of 2nd period - Christian Dvorak wins face-off versus Rourke Chartier in neutral zone.
0:56 of 2nd period - Wrist shot by Vincent Dunn.
0:56 of 2nd period - Stopped by Jake Oettinger with a rebound.
1:28 of 2nd period - Kerby Rychel is hit by Matt Roy and loses puck.
3:12 of 2nd period - Icing by Tommy Vannelli.
3:13 of 2nd period - Anthony Richard wins face-off versus Christian Dvorak in Bears zone.
3:14 of 2nd period - Wrist shot by Jordan Kyrou.
3:14 of 2nd period - Shot Blocked by Tommy Vannelli.
3:32 of 2nd period - Backhand shot by Nicolas Aube-Kubel.
3:32 of 2nd period - Deflect By Kerby Rychel.
3:32 of 2nd period - Stopped by Jake Oettinger without a rebound.
3:33 of 2nd period - Sam Carrick wins face-off versus Rourke Chartier in Thunderbirds zone.
3:46 of 2nd period - Wrist shot by Joachim Blichfeld.
3:46 of 2nd period - Shot Misses the Net.
3:48 of 2nd period - Slapshot by Dylan Blujus.
3:48 of 2nd period - Shot Blocked by Jacob Bryson.
4:06 of 2nd period - Wrist shot by Austin Wuthrich.
4:06 of 2nd period - Stopped by Jake Oettinger with a rebound.
4:08 of 2nd period - Wrist shot by Austin Wuthrich.
4:08 of 2nd period - Stopped by Jake Oettinger with a rebound.
4:10 of 2nd period - Snap shot by Vincent Dunn.
4:10 of 2nd period - Stopped by Jake Oettinger without a rebound.
4:11 of 2nd period - Christian Dvorak wins face-off versus Zach Stepan in Thunderbirds zone.
4:26 of 2nd period - Snap shot by Artturi Lehkonen.
4:26 of 2nd period - Stopped by Jake Allen with a rebound.
4:36 of 2nd period - Rourke Chartier is hit by A.J. Jenks and loses puck.
5:03 of 2nd period - Wrist shot by Jordan Kyrou.
5:03 of 2nd period - Stopped by Jake Allen without a rebound.
5:04 of 2nd period - Christian Dvorak wins face-off versus Anthony Richard in Bears zone.
5:04 of 2nd period - Christian Dvorak is hit by Anthony Richard.
5:11 of 2nd period - Mikko Vainonen is hit by Henri Jokiharju and loses puck.
5:30 of 2nd period - Gianluca Curcuruto is hit by Rourke Chartier and loses puck.
5:55 of 2nd period - Slapshot by Vincent Dunn.
5:55 of 2nd period - Stopped by Jake Oettinger without a rebound.
5:56 of 2nd period - Zach Stepan wins face-off versus Vincent Dunn in Thunderbirds zone.
6:03 of 2nd period - Backhand shot by Ethan Bear.
6:03 of 2nd period - Stopped by Jake Allen without a rebound.
6:04 of 2nd period - Christian Dvorak wins face-off versus Zach Stepan in Bears zone.
6:34 of 2nd period - Snap shot by Dominik Simon.
6:34 of 2nd period - Stopped by Jake Allen without a rebound.
6:35 of 2nd period - Sam Carrick wins face-off versus Rourke Chartier in Bears zone.
6:39 of 2nd period - Off-side.
6:40 of 2nd period - Rourke Chartier wins face-off versus Sam Carrick in neutral zone.
6:43 of 2nd period - Backhand shot by Joachim Blichfeld.
6:43 of 2nd period - Shot Misses the Net.
7:01 of 2nd period - Minor Penalty to Dominik Simon for Roughing.
7:02 of 2nd period - Trent Frederic wins face-off versus Christian Dvorak in Thunderbirds zone.
7:02 of 2nd period - Trent Frederic is hit by Christian Dvorak.
7:28 of 2nd period - Trent Frederic is hit by Sam Carrick and loses puck.
7:35 of 2nd period - Snap shot by Joshua Leivo.
7:35 of 2nd period - Stopped by Jake Oettinger without a rebound.
7:36 of 2nd period - Trent Frederic wins face-off versus Christian Dvorak in Thunderbirds zone.
8:30 of 2nd period - Henri Jokiharju is hit by Nicolas Aube-Kubel and loses puck.
9:01 of 2nd period - Penalty to Dominik Simon is over, Dominik Simon is back on ice.
9:17 of 2nd period - Snap shot by Mikko Vainonen.
9:17 of 2nd period - Stopped by Jake Oettinger without a rebound.
9:18 of 2nd period - Adam Lowry wins face-off versus Rourke Chartier in Thunderbirds zone.
9:21 of 2nd period - Snap shot by Nicholas Caamano.
9:21 of 2nd period - Shot Blocked by Frederic Allard.
9:23 of 2nd period - Slapshot by Tommy Vannelli.
9:23 of 2nd period - Deflect By Adam Lowry.
9:23 of 2nd period - Stopped by Jake Oettinger with a rebound.
9:50 of 2nd period - Slapshot by Ethan Bear.
9:50 of 2nd period - Stopped by Jake Allen without a rebound.
9:51 of 2nd period - Anthony Richard wins face-off versus Christian Dvorak in Bears zone.
10:16 of 2nd period - Slapshot by Ethan Bear.
10:16 of 2nd period - Stopped by Jake Allen without a rebound.
10:17 of 2nd period - Sam Carrick wins face-off versus Rourke Chartier in Bears zone.
10:27 of 2nd period - Dylan Blujus is hit by Sam Carrick and loses puck.
11:06 of 2nd period - Zach Stepan is hit by Nicolas Aube-Kubel and loses puck.
11:11 of 2nd period - Snap shot by Jacob Bryson.
11:11 of 2nd period - Stopped by Jake Oettinger without a rebound.
11:12 of 2nd period - Rourke Chartier wins face-off versus Christian Dvorak in Thunderbirds zone.
11:19 of 2nd period - Wrist shot by Kerby Rychel.
11:19 of 2nd period - Shot Misses the Net.
11:39 of 2nd period - Austin Wuthrich is hit by Ethan Bear and loses puck.
12:03 of 2nd period - Off-side.
12:04 of 2nd period - Adam Lowry wins face-off versus Anthony Richard in neutral zone.
12:13 of 2nd period - Snap shot by Nikolay Prokhorkin.
12:13 of 2nd period - Stopped by Jake Oettinger without a rebound.
12:14 of 2nd period - Rourke Chartier wins face-off versus Christian Dvorak in Thunderbirds zone.
12:30 of 2nd period - Snap shot by Rourke Chartier.
12:30 of 2nd period - Stopped by Jake Allen with a rebound.
12:40 of 2nd period - Christian Dvorak is hit by Artturi Lehkonen and loses puck.
13:02 of 2nd period - Off-side.
13:03 of 2nd period - Anthony Richard wins face-off versus Sam Carrick in neutral zone.
13:16 of 2nd period - Snap shot by Jordan Kyrou.
13:16 of 2nd period - Shot Blocked by Gianluca Curcuruto.
13:18 of 2nd period - Backhand shot by Jeremy Lauzon.
13:18 of 2nd period - Shot Misses the Net.
13:20 of 2nd period - Snap shot by Pierre Engvall.
13:20 of 2nd period - Shot Misses the Net.
13:22 of 2nd period - Slapshot by Ethan Bear.
13:22 of 2nd period - Stopped by Jake Allen with a rebound.
13:36 of 2nd period - Wrist shot by Jordan Kyrou.
13:36 of 2nd period - Stopped by Jake Allen with a rebound.
14:02 of 2nd period - Slapshot by Jordan Kyrou.
14:02 of 2nd period - Stopped by Jake Allen with a rebound.
14:04 of 2nd period - Snap shot by Pierre Engvall.
14:04 of 2nd period - Shot Misses the Net.
14:12 of 2nd period - Wrist shot by Anthony Richard.
14:12 of 2nd period - Shot Blocked by Mikko Vainonen.
14:44 of 2nd period - Slapshot by Anthony Richard.
14:44 of 2nd period - Stopped by Jake Allen without a rebound.
14:45 of 2nd period - Christian Dvorak wins face-off versus Joachim Blichfeld in Bears zone.
15:24 of 2nd period - Icing by Zach Stepan.
15:25 of 2nd period - Zach Stepan wins face-off versus Christian Dvorak in Thunderbirds zone.
15:35 of 2nd period - Minor Penalty to Artturi Lehkonen for High sticking.
15:36 of 2nd period - Christian Dvorak wins face-off versus Trent Frederic in Thunderbirds zone.
15:36 of 2nd period - Snap shot by Kerby Rychel.
15:36 of 2nd period - Shot Blocked by Pierre Engvall.
17:17 of 2nd period - Dylan Sikura is hit by Austin Wuthrich and loses puck.
17:35 of 2nd period - Penalty to Artturi Lehkonen is over, Artturi Lehkonen is back on ice.
17:40 of 2nd period - Jeremy Lauzon is hit by Vincent Dunn and loses puck.
18:01 of 2nd period - Dominik Simon is hit by Adam Lowry and loses puck.
Goals for this period are 0 for Bears vs 0 for Thunderbirds.
Shots for this period are 11 for Bears vs 11 for Thunderbirds.
3rd period
0:01 of 3rd period - Christian Dvorak wins face-off versus Rourke Chartier in neutral zone.
0:12 of 3rd period - Snap shot by Nicolas Aube-Kubel.
0:12 of 3rd period - Shot Misses the Net.
0:34 of 3rd period - Anthony Richard is hit by Gianluca Curcuruto.
1:10 of 3rd period - Wrist shot by Joachim Blichfeld.
1:10 of 3rd period - Shot Misses the Net.
1:31 of 3rd period - Christian Dvorak is hit by Trent Frederic and loses puck.
1:53 of 3rd period - Ryan Graves is hit by Anthony Richard and loses puck.
2:26 of 3rd period - Dominik Simon is hit by Nicolas Aube-Kubel and loses puck.
3:08 of 3rd period - Slapshot by Emil Bemstrom.
3:08 of 3rd period - Shot Misses the Net.
3:10 of 3rd period - Snap shot by Trent Frederic.
3:10 of 3rd period - Shot Misses the Net.
3:20 of 3rd period - Jesper Pettersson is hit by Artturi Lehkonen.
3:30 of 3rd period - Austin Wuthrich is hit by Dylan Sikura and loses puck.
3:43 of 3rd period - Snap shot by Kerby Rychel.
3:43 of 3rd period - Goal by Kerby Rychel - Bears : 4 - Thunderbirds : 1.
3:44 of 3rd period - Christian Dvorak wins face-off versus Rourke Chartier in neutral zone.
4:06 of 3rd period - Icing by Dominik Simon.
4:07 of 3rd period - Sam Carrick wins face-off versus Rourke Chartier in Thunderbirds zone.
4:12 of 3rd period - Snap shot by Sam Carrick.
4:12 of 3rd period - Stopped by Jake Oettinger with a rebound.
4:14 of 3rd period - Wrist shot by A.J. Jenks.
4:14 of 3rd period - Stopped by Jake Oettinger with a rebound.
4:16 of 3rd period - Snap shot by A.J. Jenks.
4:16 of 3rd period - Stopped by Jake Oettinger without a rebound.
4:17 of 3rd period - Anthony Richard wins face-off versus Sam Carrick in Thunderbirds zone.
4:42 of 3rd period - Mikko Vainonen is hit by Joachim Blichfeld and loses puck.
4:47 of 3rd period - Snap shot by Dominik Simon.
4:47 of 3rd period - Shot Misses the Net.
4:49 of 3rd period - Slapshot by Dylan Blujus.
4:49 of 3rd period - Shot Blocked by Mikko Vainonen.
4:51 of 3rd period - Wrist shot by Joachim Blichfeld.
4:51 of 3rd period - Shot Blocked by Joshua Leivo.
4:53 of 3rd period - Wrist shot by Rourke Chartier.
4:53 of 3rd period - Stopped by Jake Allen with a rebound.
5:03 of 3rd period - Gianluca Curcuruto is hit by Henri Jokiharju and loses puck.
5:39 of 3rd period - Slapshot by Gianluca Curcuruto.
5:39 of 3rd period - Shot Blocked by Pierre Engvall.
6:42 of 3rd period - Slapshot by Ethan Bear.
6:42 of 3rd period - Stopped by Jake Allen without a rebound.
6:43 of 3rd period - Trent Frederic wins face-off versus Vincent Dunn in Bears zone.
7:10 of 3rd period - Slapshot by Jacob Bryson.
7:10 of 3rd period - Deflect By Trent Frederic.
7:10 of 3rd period - Stopped by Jake Oettinger without a rebound.
7:11 of 3rd period - Nicholas Caamano wins face-off versus Rourke Chartier in Thunderbirds zone.
7:20 of 3rd period - Wrist shot by Nicholas Caamano.
7:20 of 3rd period - Stopped by Jake Oettinger with a rebound.
7:24 of 3rd period - Wrist shot by Nikolay Prokhorkin.
7:24 of 3rd period - Stopped by Jake Oettinger without a rebound.
7:25 of 3rd period - Rourke Chartier wins face-off versus Christian Dvorak in Thunderbirds zone.
7:32 of 3rd period - Wrist shot by Dominik Simon.
7:32 of 3rd period - Stopped by Jake Allen without a rebound.
7:33 of 3rd period - Rourke Chartier wins face-off versus Christian Dvorak in Bears zone.
7:42 of 3rd period - Snap shot by Rourke Chartier.
7:42 of 3rd period - Stopped by Jake Allen without a rebound.
7:43 of 3rd period - Rourke Chartier wins face-off versus Christian Dvorak in Bears zone.
8:17 of 3rd period - Wrist shot by A.J. Jenks.
8:17 of 3rd period - Stopped by Jake Oettinger without a rebound.
8:18 of 3rd period - Anthony Richard wins face-off versus Sam Carrick in Thunderbirds zone.
8:18 of 3rd period - Anthony Richard is hit by A.J. Jenks.
8:32 of 3rd period - Icing by Tommy Vannelli.
8:33 of 3rd period - Rourke Chartier wins face-off versus Joshua Leivo in Bears zone.
8:34 of 3rd period - Wrist shot by Joachim Blichfeld.
8:34 of 3rd period - Shot Hit the Post.
8:36 of 3rd period - Backhand shot by Joachim Blichfeld.
8:36 of 3rd period - Stopped by Jake Allen without a rebound.
8:37 of 3rd period - Rourke Chartier wins face-off versus Christian Dvorak in Bears zone.
8:43 of 3rd period - Snap shot by Rourke Chartier.
8:43 of 3rd period - Deflect By Dominik Simon.
8:43 of 3rd period - Deflect By Kerby Rychel.
8:43 of 3rd period - Shot Misses the Net.
8:43 of 3rd period - Puck is out of play.
8:44 of 3rd period - Rourke Chartier wins face-off versus Christian Dvorak in Bears zone.
8:51 of 3rd period - Wrist shot by Rourke Chartier.
8:51 of 3rd period - Shot Misses the Net.
9:05 of 3rd period - Minor Penalty to Ethan Bear for Hooking.
9:06 of 3rd period - Trent Frederic wins face-off versus Christian Dvorak in Thunderbirds zone.
9:33 of 3rd period - Henri Jokiharju is hit by Joshua Leivo and loses puck.
10:12 of 3rd period - Wrist shot by Dominik Simon.
10:12 of 3rd period - Goal by Dominik Simon - Bears : 4 - Thunderbirds : 2.
10:13 of 3rd period - Sam Carrick wins face-off versus Trent Frederic in neutral zone.
10:20 of 3rd period - Snap shot by Sam Carrick.
10:20 of 3rd period - Deflect By Joshua Leivo.
10:20 of 3rd period - Shot Misses the Net.
10:20 of 3rd period - Puck is out of play.
10:21 of 3rd period - Trent Frederic wins face-off versus Sam Carrick in Thunderbirds zone.
11:05 of 3rd period - Penalty to Ethan Bear is over, Ethan Bear is back on ice.
11:11 of 3rd period - Snap shot by Dominik Simon.
11:11 of 3rd period - Stopped by Jake Allen without a rebound.
11:12 of 3rd period - Christian Dvorak wins face-off versus Rourke Chartier in Bears zone.
11:46 of 3rd period - Backhand shot by Vincent Dunn.
11:46 of 3rd period - Shot Blocked by Dylan Sikura.
11:58 of 3rd period - Jordan Kyrou is hit by Sam Carrick and loses puck.
12:53 of 3rd period - Snap shot by Trent Frederic.
12:53 of 3rd period - Shot Misses the Net.
13:15 of 3rd period - Snap shot by Austin Wuthrich.
13:15 of 3rd period - Stopped by Jake Oettinger without a rebound.
13:16 of 3rd period - Rourke Chartier wins face-off versus Christian Dvorak in Thunderbirds zone.
13:50 of 3rd period - Snap shot by Joshua Leivo.
13:50 of 3rd period - Stopped by Jake Oettinger with a rebound.
14:47 of 3rd period - Off-side.
14:48 of 3rd period - Rourke Chartier wins face-off versus Nicolas Aube-Kubel in neutral zone.
14:54 of 3rd period - Minor Penalty to Dylan Blujus for Holding Stick.
14:55 of 3rd period - Trent Frederic wins face-off versus Christian Dvorak in Thunderbirds zone.
14:55 of 3rd period - Trent Frederic is hit by Kerby Rychel.
15:06 of 3rd period - Snap shot by Nicolas Aube-Kubel.
15:06 of 3rd period - Deflect By Kerby Rychel.
15:06 of 3rd period - Stopped by Jake Oettinger without a rebound.
15:07 of 3rd period - Trent Frederic wins face-off versus Christian Dvorak in Thunderbirds zone.
15:42 of 3rd period - Wrist shot by Joshua Leivo.
15:42 of 3rd period - Shot Hit the Post.
16:02 of 3rd period - Wrist shot by Trent Frederic.
16:02 of 3rd period - Shot Blocked by Jacob Bryson.
16:54 of 3rd period - Penalty to Dylan Blujus is over, Dylan Blujus is back on ice.
17:10 of 3rd period - Wrist shot by Rourke Chartier.
17:10 of 3rd period - Shot Misses the Net.
17:12 of 3rd period - Snap shot by Joachim Blichfeld.
17:12 of 3rd period - Stopped by Jake Allen with a rebound.
17:35 of 3rd period - Nicholas Caamano is hit by Jordan Kyrou and loses puck.
18:49 of 3rd period - Icing by Henri Jokiharju.
18:50 of 3rd period - Anthony Richard wins face-off versus Adam Lowry in Thunderbirds zone.
19:43 of 3rd period - Rourke Chartier is hit by A.J. Jenks and loses puck.
Goals for this period are 1 for Bears vs 1 for Thunderbirds.
Shots for this period are 11 for Bears vs 8 for Thunderbirds.